Map: Golden Wall LE

Players

Serral

  • Race: Zerg Zerg
  • League: Master
  • Spawn Location: 5:00

LiquidClem (Clem) - Winner!

  • Race: Terran Terran
  • League: Master
  • Spawn Location: 7:00

Event: DreamHack SC2 Masters 2020 Summer Europe

VOD

Have the link to the VOD?

Description

Time

  • Played on: July 11, 2020, 11:44 a.m.
  • Length: 4:50

All games in this series

Show
View Real Time Build Order
Export as new Build Order

Serral Zerg 

Build Orders: Hatch First, Roach Nydus 

Get SALT Encoding   

  12  0:00  Drone  
  13  0:12  Overlord  
  13  0:17  Drone  
  14  0:31  Drone x2  
  16  0:49  Hatchery  
  15  0:52  Drone  
  15  0:56  Drone  
  17  0:59  Drone  
  18  1:09  Extractor  
  17  1:14  Spawning Pool  
  17  1:18  Drone  
  17  1:21  Drone  
  18  1:28  Drone  
  19  1:39  Drone  
  20  1:49  Overlord  
  22  2:01  Queen  
  22  2:02  Zergling x4  
  26  2:11  Drone  
  26  2:13  Drone  
  28  2:19  Lair  
  26  2:23  Drone x2  
  28  2:36  Overlord  
  27  2:37  Queen, Extractor  
  27  2:41  Zergling x2  
  27  2:43  Drone x2  
  31  2:52  Roach Warren  
  31  2:55  Drone x2  
  32  3:05  Drone x2  
  34  3:13  Queen  
  34  3:17  Nydus Network  
  35  3:20  Overlord  
  35  3:26  Overlord  
  35  3:32  Roach  
  37  3:40  Roach x2  
  41  3:42  Roach  
  41  3:47  Roach  
  45  3:51  Roach  
  45  3:55  Nydus Canal  
  47  3:57  Roach  
  47  4:01  Roach  
  51  4:07  Roach  
  53  4:16  Nydus Canal  
  53  4:21  Roach  
  53  4:24  Roach  
  51  4:28  Roach  
Show
View Real Time Build Order
Export as new Build Order

LiquidClem Terran - Winner!

Build Orders: Gas First Reaper Expand, Hellion Opening, Liberator Opening 

Get SALT Encoding   

  12  0:00  SCV  
  13  0:12  SCV  
  14  0:17  Supply Depot  
  14  0:24  SCV  
  15  0:29  Refinery  
  15  0:39  SCV  
  16  0:45  Barracks  
  16  0:51  SCV  
  17  1:03  SCV  
  18  1:15  SCV  
  19  1:31  Reaper  
  19  1:32  Orbital Command  
  20  1:43  Command Center  
  20  1:54  Factory  
  20  1:58  SCV  
  21  2:07  Barracks Reactor  
  21  2:10  Supply Depot  
  21  2:14  SCV  
  22  2:20  Refinery  
  22  2:26  SCV  
  23  2:38  SCV  
  23  2:42  Starport  
  24  2:46  Hellion  
  24  2:47  Hellion  
  24  2:50  SCV  
  29  2:53  Marine  
  30  3:00  Orbital Command  
  30  3:05  SCV  
  31  3:12  Hellion  
  33  3:15  Hellion  
  33  3:16  Marine  
  36  3:22  Medivac  
  38  3:30  Armory  
  38  3:36  Hellion  
  38  3:38  Hellion  
  42  3:43  Supply Depot  
  42  3:45  Barracks Tech Lab  
  42  3:47  SCV  
  43  3:49  SCV  
  44  3:59  SCV  
  44  4:01  SCV  
  46  4:04  Liberator  
  49  4:16  Marine x2  
  44  4:24  SCV x2  
Tags
 
Add a new tag
Caveats
  • Supply blocks, unpowered buildings, or Contaminate may cause inaccurate times.
  • Supply counts are checked every 10 seconds.